Map: Orbital Shipyard

Players

Miszu

  • Race: Terran Terran
  • League: Master

Ziggy - Winner!

  • Race: Terran Terran
  • League: Master

VOD

Have the link to the VOD?

Description

Time

  • Played on: Feb. 6, 2016, 5:27 p.m.
  • Length: 5:12
Show
View Real Time Build Order
Export as new Build Order

Miszu Terran 

Build Orders:  

Get SALT Encoding   

  12  0:01  SCV  
  13  0:13  SCV  
  14  0:20  Supply Depot  
  14  0:25  SCV  
  15  0:41  SCV  
  16  0:48  Refinery  
  16  0:54  Barracks  
  16  0:59  Barracks  
  16  1:03  SCV  
  17  1:15  SCV  
  18  1:27  SCV  
  19  1:41  Barracks Tech Lab  
  19  1:46  Barracks Tech Lab  
  20  1:47  Orbital Command  
  20  1:51  Supply Depot  
  19  2:00  Marauder, Concussive Shells  
  23  2:08  Marauder  
  23  2:21  Marauder  
  25  2:30  SCV  
  23  2:39  Bunker  
  19  2:46  Marauder  
  7  4:46  Orbital Command  
Show
View Real Time Build Order
Export as new Build Order

Ziggy Terran - Winner!

Build Orders:  

Get SALT Encoding   

  12  0:00  SCV  
  13  0:13  SCV  
  14  0:18  Supply Depot  
  14  0:25  SCV  
  15  0:39  SCV  
  15  0:42  Barracks  
  16  0:48  Refinery  
  16  1:01  Barracks  
  16  1:14  Barracks  
  16  1:22  Refinery  
  16  1:31  Reaper  
  17  1:33  SCV  
  18  1:54  Reaper  
  19  2:02  Supply Depot  
  19  2:04  Reaper  
  19  2:08  Reaper  
  18  2:26  Reaper  
  19  2:36  Reaper  
  18  2:47  Reaper  
  15  2:59  Reaper  
  10  3:14  Reaper  
Tags
 
Add a new tag
Caveats
  • Supply blocks, unpowered buildings, or Contaminate may cause inaccurate times.
  • Supply counts are checked every 10 seconds.